 Dungeon Crawl Stone Soup version 0.30-a0-557-ge2afbf3030 (webtiles) character file.

Game seed: 3701277042977200554

98 Sabo the Covered (level 4, -6/40 HPs)
             Began as an Armataur Fighter on Dec 27, 2022.
             Succumbed to a hobgoblin's poison
             ... on level 3 of the Dungeon.
             The game lasted 00:09:31 (2164 turns).

Sabo the Covered (Armataur Fighter)                 Turns: 2164, Time: 00:09:32

Health: -6/40      AC:  7    Str: 24    XL:     4   Next: 43%
Magic:  1/4        EV:  7    Int:  8    God:
Gold:   109        SH:  4    Dex:  9    Spells: 3/3 levels left

rFire   . . .      SeeInvis .    q - +2 short sword (elec)
rCold   . . .      Faith    .    c - +0 buckler
rNeg    . . .      Spirit   +    b - +0 scale mail
rPois   .          Reflect  .    (no helmet)
rElec   .          Harm     .    (no cloak)
rCorr   .          Roll     +    (no gloves)
Will    .....                    (no barding) Stlth
                                 m - amulet of guardian spirit
HPRegen 0.26/turn                (no ring)
MPRegen 0.09/turn                (no ring)

@: lethally poisoned (-6 -> -43)
A: large, rugged brown scales 3, deformed body, armoured tail, roll, long
tongue, awkward tongue
a: no special abilities


You were on level 3 of the Dungeon.
You visited 1 branch of the dungeon, and saw 3 of its levels.

You collected 109 gold pieces.

Inventory:

Hand Weapons
 a - a +0 war axe
 i - a +0 sling
 q - a +2 short sword of electrocution (weapon)
Armour
 b - a +0 scale mail (worn)
 c - a +0 buckler (worn)
Jewellery
 m - an amulet of guardian spirit (around neck)
Scrolls
 e - a scroll of silence
 h - a scroll of teleportation {unknown}
 k - a scroll of acquirement {unknown}
 n - a scroll of enchant armour {unknown}
Potions
 d - a potion of might
 f - 2 potions of curing {unknown}
 g - a potion of heal wounds {unknown}
 j - a potion of mutation {unknown}
 l - a potion of brilliance {unknown}
 o - a potion of ambrosia {unknown}
 p - a potion of attraction {unknown}


   Skills:
 + Level 3.2 Fighting
 + Level 0.1 Short Blades
 + Level 2.6 Axes
 + Level 4.7 Armour
 + Level 0.1 Dodging
 + Level 3.5 Shields


You had 3 spell levels left.
You didn't know any spells.
Your spell library contained the following spells:

 Spells                   Type           Power      Damage    Failure   Level
 Sting                    Tmut/Pois      0%         1d3       77%         1
 Poisonous Vapours        Pois/Air       0%         N/A       88%         2
 Vhi's Electric Charge    Tloc/Air       0%         N/A       98%         3
 Olgreb's Toxic Radiance  Pois           0%         N/A       100%        4
 Arcjolt                  Conj/Air       0%         1d10      100%        5
 Maxwell's Capacitive Co  Air            0%         ∞         100%        8


Dungeon Overview and Level Annotations

Branches:
Dungeon (3/15)

Altars:
Fedhas

Shops:
D:1 (


Innate Abilities, Weirdness & Mutations

You are completely covered in rugged brown scales. (AC +3, +7% HP)
Armour fits poorly on your strangely shaped body.
You have a long armoured tail.
You roll when moving toward enemies. (Rampage)
Your long tongue fully drains potion bottles. (2x potion effects)
Your tongue gives you trouble enunciating. (1.5x scroll delay)


Message History

A hobgoblin comes into view.
The hobgoblin shouts!
You roll towards the hobgoblin!
You hit the hobgoblin.
The hobgoblin is heavily wounded.
The hobgoblin completely misses you.
You closely miss the hobgoblin.
The hobgoblin is heavily wounded.
The hobgoblin hits you.
You hit the hobgoblin but do no damage.
Lightning courses through the hobgoblin!
You kill the hobgoblin!
You see here a hobgoblin corpse.
A hobgoblin comes into view. It is wielding a +1 trident of venom.
The hobgoblin shouts!
The hobgoblin hits you with a +1 trident of venom!
The hobgoblin hits you with a +1 trident of venom.
You are poisoned.
You closely miss the hobgoblin.
You feel very sick. You block the hobgoblin's attack.
The hobgoblin hits you with a +1 trident of venom.
You are more poisoned.
You hit the hobgoblin but do no damage.
Your tail-slap misses the hobgoblin.
You feel very sick.
The hobgoblin hits you with a +1 trident of venom.
You are more poisoned.
You barely miss the hobgoblin.
* * * LOW HITPOINT WARNING * * *
You feel extremely sick.
The hobgoblin hits you but does no damage.
You are more poisoned.
You barely miss the hobgoblin.
* * * LOW HITPOINT WARNING * * *
You feel extremely sick.
The hobgoblin hits you with a +1 trident of venom.
* * * LOW HITPOINT WARNING * * *
You are more poisoned.
You barely miss the hobgoblin.
You die...

... ... ..
... #.# #.#
# #.####.#
#...@..#
#..#g###
######..#.#
#...†...#.#
#.#####.#..
#.# #.###
#.# #.# .#
#.# ###.# .#
####.###..[.


You could see a hobgoblin.

Vanquished Creatures
  5 adders
  An ufetubus (D:2)
  5 bats
  2 endoplasms (D:1)
  A giant cockroach (D:1)
  4 goblins
  4 hobgoblins
  3 jackals (D:2)
  2 quokkas
  8 ball pythons
  A frilled lizard (D:2)
  7 kobolds
  7 rats
50 creatures vanquished.

Notes
Turn   | Place    | Note
-------+----------+-------------------------------------------
     0 | D:1      | Sabo the Armataur Fighter began the quest for the Orb.
     0 | D:1      | Reached XP level 1. HP: 19/19 MP: 1/1
    27 | D:1      | Found Zassano's Antique Weapon Shop.
   330 | D:1      | Reached skill level 4 in Armour
   330 | D:1      | Reached XP level 2. HP: 26/26 MP: 2/2
   968 | D:2      | Found a blossoming altar of Fedhas.
  1122 | D:2      | Reached XP level 3. HP: 31/33 MP: 3/3
  1489 | D:2      | Reached XP level 4. HP: 37/40 MP: 4/4
  2164 | D:3      | Succumbed to a hobgoblin's poison

Illustrated notes

Levels and vault maps discovered:
D:1:      tarquinn_simple_flora_water_c, layout_basic, serial_shops, shop,
          minmay_tromino_i4
D:2:      layout_loops_ring, basic_altar
D:3:      layout_loops_ring, mainiacjoe_overflow_catch_the_wave, feat_on_display

Skill      XL: |  1  2  3 |
---------------+----------+-----
Armour         | 4 |  4.7
Fighting       | 3 |  3.2
Axes           | 2 |  2.6
Short Blades   | |  0.1
Dodging        | |  0.1
Shields        | |  3.5

Action                   |  1- 3 |  4- 6 || total
-------------------------+-------+-------++-------
Melee: War axe           |    89 |       ||    89
       Tailslap          |     9 |     2 ||    11
       Short sword       |       |    52 ||    52
  Use: Scroll            |       |     2 ||     2
Armor: Scale mail        |    46 |    19 ||    65
Dodge: Dodged            |    38 |    16 ||    54
Block: Buckler           |    14 |     6 ||    20

Table legend: (Time is in decaauts)
 A = Elapsed time spent in this place.
 B = Non-inter-level travel time spent in this place.
 C = Inter-level travel time spent in this place.
 D = Time resting spent in this place.
 E = Time spent auto-exploring this place.
 F = Levels seen in this place.
 G = Mean time per level.
                   A        B        C        D        E       F      G
               +--------+--------+--------+--------+--------+-----+--------+
         Total |   2204 |   2204 |      0 |    179 |      0 |   3 |  734.7 |
       Dungeon |   2204 |   2204 |      0 |    179 |      0 |   3 |  734.7 |
               +--------+--------+--------+--------+--------+-----+--------+

Top non-repeatable levels by time:
     D:1: 961 daAuts
     D:2: 856 daAuts
     D:3: 386 daAuts
